 Dungeon Crawl Stone Soup version 0.29.1-13-g9f3cf754e1 (webtiles) character file.

Game seed: 14401639126700992246

1038 shadowmeld the Insei (level 8, -3/56 HPs)
             Began as a Djinni Transmuter on Jan 28, 2023.
             Was a Follower of Elyvilon.
             Slain by a gnoll bouda
             ... wielding a +0 club
              (5 damage)
             ... on level 5 of the Dungeon.
             The game lasted 00:44:07 (7237 turns).

shadowmeld the Insei (Djinni Transmuter)            Turns: 7237, Time: 00:44:08

Health: -3/56      AC: 14    Str: 11    XL:     8   Next: 48%
Gold:   288        EV:  6    Int: 18    God:    Elyvilon [*.....] SH:  0 Dex: 13

rFire   + + .      SeeInvis .     - Unarmed
rCold   . . .      Faith    .   (no shield)
rNeg    + . .      Spirit   .   u - +4 chain mail "Ymehacal" {rN+ Str+2 Stlth+}
rPois   ∞          Reflect  .   i - +0 helmet
rElec   .          Harm     .   (no cloak)
rCorr   .          Rampage  .   (no gloves)
Will    .....                   (boots unavailable)
Stlth   ..........              v - amulet of regeneration
HPRegen 0.98/turn               p - ring of protection from cold
MPRegen 0.00/turn               (no ring)

@: about to teleport, flying
A: sickness immunity, fire resistance 2, cold vulnerability 1, float, innate
caster, HP casting, extra vitality 1
a: Renounce Religion, Purification


You were on level 5 of the Dungeon.
You worshipped Elyvilon.
Elyvilon was aware of your devotion.
You visited 1 branch of the dungeon, and saw 5 of its levels.

You collected 288 gold pieces.

Inventory:

Missiles
 e - 38 stones
 w - 5 poisoned darts
Armour
 i - a +0 helmet (worn)
 u - the +4 chain mail "Ymehacal" (worn) {rN+ Str+2 Stlth+}
   (You found it on level 4 of the Dungeon)

   Str:       It affects your strength (+2).
   rN:        It protects you from negative energy.
   Stlth:     It makes you more stealthy.
 x - a +1 plate armour of cold resistance
Magical Staves
 d - a staff of conjuration
Jewellery
 p - a ring of protection from cold (left hand)
 v - an amulet of regeneration (around neck)
Wands
 s - a wand of polymorph (9)
Scrolls
 a - 2 scrolls of poison
 b - a scroll of vulnerability {unknown}
 c - a scroll of fear
 g - a scroll of brand weapon
 h - 2 scrolls of blinking
 k - a scroll of teleportation
 l - a scroll of amnesia {unknown}
 m - a scroll of enchant armour {unknown}
 q - a scroll of enchant weapon {unknown}
 r - a scroll of summoning {unknown}
Potions
 j - a potion of invisibility
 o - 2 potions of attraction
 z - a potion of ambrosia {unknown}


   Skills:
 * Level 3.0 Fighting
 * Level 4.7 Armour
 * Level 3.9 Dodging
 * Level 6.5 Unarmed Combat
 * Level 2.8 Spellcasting


You couldn't memorise any spells.
You knew the following spells:

 Your Spells              Type           Power      Damage    Failure   Level
a - Beastly Appendage     Tmut           24%        N/A       91%         1
b - Wereblood             Tmut           12%        N/A       97%         2
c - Spider Form           Tmut/Pois      12%        N/A       99%         3
d - Ice Form              Ice/Tmut       12%        N/A       100%        4
e - Foxfire               Conj/Fire      48%        2x1d6     91%         1
f - Scorch                Fire           24%        2d6       97%         2
g - Searing Ray           Conj           24%        2d5       97%         2
Your spell library was empty.

Dungeon Overview and Level Annotations

Branches:
Dungeon (5/15)
 Temple: D:4-7

Altars:
Elyvilon
Yredelemnul

Shops:
D:3 (


Innate Abilities, Weirdness & Mutations

You are immune to sickness and miasma.
You are immune to poison.
Your flesh is very heat resistant. (rF++)
You are vulnerable to cold. (rC-)
You float through the air rather than walking.
You learn spells naturally, not from books.
Your magical power is your life essence.
You have superior vitality. (+4 MHP)


Message History

The gnoll hits you but does no damage. The gnoll bouda barely misses you.
The gnoll barely misses you.
You hit the gnoll bouda.
The gnoll bouda is lightly wounded.
The gnoll is no longer moving quickly. x2
The gnoll hits you from afar with a +3 spear.
The gnoll hits you with a +0 flail.
The gnoll hits you from afar with a +0 spear!
The gnoll bouda hits you but does no damage.
The gnoll attacks as you move away! The gnoll hits you but does no damage.
The gnoll bouda attacks as you move away!
The gnoll bouda hits you with a +0 club.
The gnoll throws a throwing net.
The throwing net hits you.
You become entangled in the net!
You see here a throwing net.
You struggle against the net.
The gnoll hits you with a +0 flail.
The gnoll bouda hits you but does no damage.
The gnoll hits you but does no damage. x2
You struggle against the net.
The gnoll hits you with a +0 flail.
* * * LOW HITPOINT WARNING * * *
The gnoll bouda hits you with a +0 club.
* * * LOW HITPOINT WARNING * * *
The gnoll hits you from afar with a +3 spear.
* * * LOW HITPOINT WARNING * * *
The gnoll hits you but does no damage. The gnoll hits you with a +0 club.
* * * LOW HITPOINT WARNING * * *
Okay, then.
As you read the scroll of teleportation, it crumbles to dust.
You feel strangely unstable.
The gnoll is no longer moving quickly.
The gnoll hits you but does no damage.
The gnoll bouda barks out a call to the hunt!
The gnolls pick up the pace!
The gnoll hits you from afar with a +3 spear.
* * * LOW HITPOINT WARNING * * *
The gnoll hits you from afar with a +0 spear.
Elyvilon protects you from harm! The gnoll hits you but does no damage.
You shred the net and break free! The gnoll barely misses you.
The gnoll bouda hits you with a +0 club.
You die...

#......#########..
#......##........#
###......##........#
#........##........#
#.........'........#
#....<...##........#
#.........###...)...
#.......#..##.......
#.g@....##..........
#ggg....#####.......
......5g.....#
#.......
.......#######
##.#..... ..#....
#...#..## # ##...
#......## #...
#.......# ..#.
#.......# .#.#. #
#.......#


You could see a gnoll bouda, 4 gnolls and a shadow imp.

Vanquished Creatures
  Pikel (D:4)
  A wraith (D:5)
  A kobold brigand (D:4)
  A bullfrog (D:4)
  2 hounds
  A jelly (D:5)
  An iguana (D:5)
  An orc wizard (D:4)
  5 adders
  2 gnolls
  A worm (D:3)
  2 dart slugs
  2 orcs
  10 ball pythons
  6 bats
  8 endoplasms
  5 giant cockroaches
  8 goblins
  7 hobgoblins
  2 jackals (D:3)
  4 quokkas
  2 frilled lizards
  12 kobolds
  8 rats
93 creatures vanquished.

Notes
Turn   | Place    | Note
-------+----------+-------------------------------------------
     0 | D:1      | shadowmeld the Djinni Transmuter began the quest for the
                  | Orb.
     0 | D:1      | shadowmeld set off with the following spells memorised:
                  | Beastly Appendage, Wereblood, Spider Form, Ice Form.
     0 | D:1      | Reached XP level 1. HP: 17/17 MP: 0/0
   666 | D:1      | Reached XP level 2. HP: 8/22 MP: 0/0
  1605 | D:1      | Reached XP level 3. HP: 25/27 MP: 0/0
  1605 | D:1      | Learned a level 1 spell: Foxfire
  2126 | D:2      | Found a faded altar of an unknown god.
  2871 | D:2      | Reached XP level 4. HP: 32/32 MP: 0/0
  3024 | D:3      | Reached skill level 1 in Armour
  3187 | D:3      | Found Gepsax's Weapon Emporium.
  3621 | D:3      | Reached skill level 4 in Unarmed Combat
  3621 | D:3      | Reached XP level 5. HP: 23/37 MP: 0/0
  3621 | D:3      | Learned a level 2 spell: Scorch
  4193 | D:3      | Found a white marble altar of Elyvilon.
  4202 | D:3      | Became a worshipper of Elyvilon the Healer
  4269 | D:3      | Found a basalt altar of Yredelemnul.
  4774 | D:4      | Reached * piety under Elyvilon
  5096 | D:4      | Noticed Pikel
  5096 | D:4      | Noticed a lemure
  5096 | D:4      | Noticed a lemure
  5097 | D:4      | Noticed a lemure
  5097 | D:4      | Found a large runed translucent door.
  5097 | D:4      | Noticed a lemure
  5128 | D:4      | Found a large runed translucent door.
  5371 | D:4      | Found a large runed translucent door.
  5371 | D:4      | Found a large runed translucent door.
  5845 | D:4      | Elyvilon protects you from harm!
  6144 | D:4      | Reached XP level 6. HP: 10/43 MP: 0/0
  6379 | D:4      | Identified the +4 chain mail "Ymehacal" {rN+ Str+2 Stlth+}
  6547 | D:4      | Reached skill level 5 in Unarmed Combat
  6547 | D:4      | Reached XP level 7. HP: 16/49 MP: 0/0
  6547 | D:4      | Learned a level 2 spell: Searing Ray
  6947 | D:4      | Killed Pikel
  6948 | D:4      | Reached skill level 6 in Unarmed Combat
  6948 | D:4      | Reached XP level 8. HP: 25/55 MP: 0/0
  7005 | D:5      | Entered Level 5 of the Dungeon
  7075 | D:5      | Noticed a wraith
  7127 | D:5      | Killed a wraith
  7236 | D:5      | HP: 1/56 [gnoll/+3 spear[a gnoll bouda] (5)]
  7236 | D:5      | Elyvilon protects you from harm!
  7237 | D:5      | Slain by a gnoll bouda

Illustrated notes

Levels and vault maps discovered:
D:1:      dpeg_arrival_connections, layout_loops_cross, lemuel_flame_loot_1
D:2:      layout_basic, hellmonk_ecumenical_altar_blasted
D:3:      layout_loops_cross, kennysheep_ying_yang, serial_shops,
          shop_fountains, minmay_box_of_dots
D:4:      layout_loops_corners, minmay_hollow_rounded_squares, uniq_pikel
D:5:      layout_basic, minmay_temple_entry_large_hall, minivault_11,
          uniq_grinder

Skill      XL: |  1  2  3  4  5  6  7  8 |
---------------+-------------------------+-----
Spellcasting   | 2 |  2.8
Armour         | 1 2 3 4 |  4.7
Unarmed Combat | 4 5 6 |  6.5
Fighting       | 2 3 |  3.0
Dodging        | 3 |  3.9

Action                   |  1- 3 |  4- 6 |  7- 9 || total
-------------------------+-------+-------+-------++-------
Melee: Unarmed           |   179 |   315 |   120 ||   614
       Punch             |     4 |    10 |     4 ||    18
 Cast: Beastly Appendage |     2 |       |       ||     2
  Use: Scroll            |     7 |     3 |     2 ||    12
       Potion            |       |     3 |     3 ||     6
Armor: Robe              |     4 |       |       ||     4
       Scale mail        |   108 |   122 |       ||   230
       Chain mail        |       |    37 |    68 ||   105
       Skin              |       |     8 |     6 ||    14
Dodge: Dodged            |    69 |   115 |    34 ||   218
